 Dungeon Crawl Stone Soup version 0.19.5 (webtiles) character file.

72 equalderp2856 the Scratcher (level 4, -5/21 HPs)
             Began as a Felid Fighter on Mar 16, 2017.
             Killed from afar by Robin (12 damage)
             ... with a wand of flame
             ... on level 3 of the Dungeon.
             The game lasted 00:08:47 (3245 turns).

equalderp2856 the Scratcher (Felid Fighter)         Turns: 3245, Time: 00:08:48

Health: -5/21      AC:  1    Str: 13    XL:     4   Next: 7%
Magic:  5/5        EV: 20    Int:  9    God:
Gold:   139        SH:  0    Dex: 16    Spells: 0 memorised, 3 levels left
                                        Lives:  0   Deaths: 1

rFire  . . .     SeeInvis +       - Unarmed
rCold  . . .     Gourm    .     (armour unavailable)
rNeg   . . .     Faith    .     (shield unavailable)
rPois  .         Spirit   .     (helmet unavailable)
rElec  .         Reflect  .     (cloak unavailable)
rCorr  .         Harm     .     (gloves unavailable)
MR     .....                    (boots unavailable)
Stlth  ++........               (no amulet)
                                (no ring)
                                (no ring)

@: quick
A: no armour, no weapons or thrown items, stealth, claws 1, fangs 3, see
invisible, carnivore 3, speed 1, shaggy fur 1, slow metabolism 1, sharp paws
a: no special abilities


You were on level 3 of the Dungeon.
You were not hungry.

You visited 1 branch of the dungeon, and saw 4 of its levels.

You collected 139 gold pieces.

Inventory:

Missiles
 j - 31 arrows
Jewellery
 k - an uncursed ring of protection from fire {unknown}
Scrolls
 d - 2 scrolls of blinking {unknown}
 e - 3 scrolls of identify {unknown}
 f - a scroll of fear {unknown}
 g - a scroll of immolation {unknown}
 i - a scroll of teleportation {unknown}
Potions
 a - a potion of might
 h - a potion of berserk rage {unknown}
 m - a potion of lignification {unknown}
Comestibles
 b - a meat ration
 c - 5 fruits
 n - a beef jerky
 o - a bread ration


   Skills:
 + Level 3.5 Fighting
 + Level 4.9 Dodging
 + Level 1.7 Stealth
 + Level 5.5 Unarmed Combat


You had 3 spell levels left.
You didn't know any spells.

Dungeon Overview and Level Annotations

Branches:
Dungeon (4/15)
 Temple: D:4-7

Altars:
Fedhas
Nemelex Xobeh

Shops:
D:4 *

Annotations:
D:3 Nelagord's ghost, amateur DrGl; Robin
D:4 Duvessa; Natasha


Innate Abilities, Weirdness & Mutations

You cannot wear armour.
You are incapable of wielding weapons or throwing items.
Your paws allow you to move quietly. (Stealth)
You have sharp claws.
You have razor-sharp teeth.
You have supernaturally acute eyesight. (SInv)
You are carnivorous and can eat meat at any time.
You cover ground quickly.
You are covered in fur. (AC +1)
You have a slow metabolism.
Your sharp claws are effective at attacking unaware monsters.


Message History

You scratch the goblin.
You kill the goblin!
Robin completely misses you.
You see here a goblin corpse.
Things that are here:
a dagger; a goblin corpse Robin barely misses you.
Things that are here:
a dagger; a goblin corpse You barely miss Robin.
Robin is heavily wounded.
Robin zaps a wand.
The puff of flame hits you!
You scratch Robin.
Robin is severely wounded.
Robin completely misses you.
You scratch Robin.
Robin is almost dead.
Robin zaps a wand.
The puff of flame hits you!
Ouch! That really hurt!
You die...

#.#.# #.#.# #.#.#.#
...#.# #..#.#
#..#.#### #########
#....[..# #.......#
#.>.....#####.......#
##.....glggg@.......#
#))....#####.....^.#
#.....†# ####.####
#....gg# #.# #......#
#.# #......# #.#
######## #.# #.# #.#


You could see an iguana, Robin, a hobgoblin and 2 goblins.

Vanquished Creatures
  A worker ant (D:4)
  5 adders
  An ooze (D:1)
  A worm (D:4)
  2 dart slugs
  3 leopard geckos
  An orc (D:2)
  11 goblins
  8 hobgoblins
  5 jackals
  5 kobolds
  A ball python (D:1)
  9 bats
  A frilled lizard (D:2)
  2 rats (D:1)
56 creatures vanquished.

Vanquished Creatures (others)
  A goblin (D:3)
1 creature vanquished.

Grand Total: 57 creatures vanquished

Notes
Turn   | Place    | Note
-------+----------+-------------------------------------------
     0 | D:1      | equalderp2856 the Felid Fighter began the quest for the Orb.
     0 | D:1      | Reached XP level 1. HP: 10/10 MP: 2/2
   351 | D:1      | Reached XP level 2. HP: 10/14 MP: 3/3
  1173 | D:2      | Reached XP level 3. HP: 14/17 MP: 4/4
  1600 | D:2      | Found a sparkling altar of Nemelex Xobeh.
  1994 | D:2      | Reached skill level 5 in Unarmed Combat
  2208 | D:2      | Found a blossoming altar of Fedhas.
  2470 | D:3      | Reached XP level 4. HP: 21/21 MP: 5/5
  2591 | D:3      | Noticed Nelagord's ghost (amateur DrGl)
  2816 | D:2      | You fall through a shaft!
  2851 | D:3      | Reached skill level 1 in Stealth
  2934 | D:3      | Noticed a hungry ghost
  2947 | D:4      | Noticed Duvessa
  3103 | D:4      | Found Syokor Gusi's General Store.
  3134 | D:4      | Noticed Natasha
  3146 | D:3      | Noticed Robin
  3149 | D:3      | Reached XP level 5. HP: 8/24 MP: 6/6
  3157 | D:3      | Slain by an iguana
  3158 | D:3      | Reached XP level 4. HP: 0/21 MP: 5/5
  3245 | D:3      | Killed from afar by Robin

Skill      XL: |  1  2  3  4 |
---------------+-------------+-----
Unarmed Combat | 5 |  5.5
Stealth        | 1 |  1.7
Fighting       | |  3.5
Dodging        | |  4.9

Action                   |  1- 3 |  4- 6 || total
-------------------------+-------+-------++-------
Melee: Unarmed           |   101 |    43 ||   144
       Bite              |    13 |     2 ||    15
  Use: Potion            |       |     2 ||     2
 Stab: Sleeping          |     3 |     2 ||     5
       Distracted        |     1 |       ||     1
  Eat: Chunk             |     8 |     1 ||     9
Armor: Skin              |    10 |     1 ||    11
Dodge: Dodged            |    68 |    63 ||   131
